 Dungeon Crawl Stone Soup version 0.18-a0-1130-g4a6f1b9 (webtiles) character file.

2854 sugabear the Ducker (level 9, -6/46 HPs)
             Began as a Vine Stalker Gladiator on Jan 20, 2016.
             Was an Initiate of Qazlal.
             Killed from afar by Psyche (7 damage)
             ... with a wand of fire
             ... on level 8 of the Dungeon.
             The game lasted 00:13:01 (6283 turns).

sugabear the Ducker (Vine Stalker Gladiator)        Turns: 6283, Time: 00:13:01

Health: -6/46      AC:  9    Str: 24    XL:     9   Next: 75%
Magic:  0/10       EV: 15    Int:  8    God:    Qazlal [......]
Gold:   351        SH:  0    Dex: 16    Spells: 0 memorised, 8 levels left

rFire  . . .     SeeInvis .     a - +0 dire flail
rCold  . . .     Gourm    .     p - +0 ring mail
rNeg   . . .     Faith    .     (shield currently unavailable)
rPois  .         Spirit   +     c - +0 helmet
rElec  .         Dismiss  .     K - +0 cloak
rCorr  +         Reflect  .     (no gloves)
SustAt .         Harm     .     o - +0 pair of boots
MR     +....                    (no amulet)
Stlth  +.........               J - +4 ring of strength
                                g - ring of resist corrosion

@: drained, somewhat resistant to hostile enchantments, very unstealthy
A: fangs 3, regeneration 2, magic shield, antimagic bite, no device heal 3, rot
immunity
a: Renounce Religion


You were on level 8 of the Dungeon.
You worshipped Qazlal.
Qazlal was noncommittal.
You were not hungry.

You visited 2 branches of the dungeon, and saw 9 of its levels.

You collected 351 gold pieces.

Inventory:

Hand Weapons
 a - a +0 dire flail (weapon)
 b - a +0 blowgun
Missiles
 d - 3 throwing nets (quivered)
 L - 26 poisoned needles
Armour
 c - a +0 helmet (worn)
 o - a +0 pair of boots (worn)
 p - a +0 ring mail (worn)
 w - a +0 leather armour
 K - a +0 cloak (worn)
Jewellery
 g - a ring of resist corrosion (left hand)
 k - an uncursed ring of fire
 y - an uncursed ring of flight
 H - an uncursed ring of ice
 J - a +4 ring of strength (right hand)
 Q - an uncursed ring of see invisible {unknown}
Wands
 B - a wand of enslavement (14/24)
 F - a wand of magic darts (21/48)
 R - a wand of slowing (29/48)
Scrolls
 e - 3 scrolls of teleportation {unknown}
 h - 10 scrolls of identify {unknown}
 i - 3 scrolls of enchant armour {unknown}
 l - a scroll of fog {unknown}
 n - 6 scrolls of remove curse {unknown}
 q - a scroll of random uselessness {unknown}
 v - a scroll of noise {unknown}
 D - 3 scrolls of blinking {unknown}
 G - a scroll of recharging {unknown}
 I - a scroll of enchant weapon {unknown}
Potions
 m - 3 potions of curing {unknown}
 r - a potion of cure mutation {unknown}
 s - a potion of lignification {unknown}
 t - 2 potions of brilliance {unknown}
 u - a potion of beneficial mutation {unknown}
 E - a potion of haste
 N - a potion of might {unknown}
 O - a potion of poison {unknown}
 P - a potion of berserk rage {unknown}
Books
 z - a book of Necromancy

   Spells                             Type                      Level
   a - Pain                           Necromancy                   1
   b - Animate Skeleton               Necromancy                   1
   c - Vampiric Draining              Necromancy                   3
   d - Regeneration                   Charms/Necromancy            3
   e - Animate Dead                   Necromancy                   4
   f - Control Undead                 Necromancy                   4
Comestibles
 f - 5 bread rations
 j - 2 royal jellies
 x - 4 chunks of flesh
 A - a beef jerky
 C - a slice of pizza


   Skills:
 + Level 4.7(4.5) Fighting
 + Level 6.1(5.8) Maces & Flails
 + Level 3.5(3.2) Throwing
 + Level 5.5(5.2) Armour
 + Level 6.5(6.2) Dodging
 * Level 1.0(0.7) Invocations
 + Level 0.3(0.1) Evocations


You had 8 spell levels left.
You didn't know any spells.

Dungeon Overview and Level Annotations

Branches:
Dungeon (8/15)             Temple (1/1) D:7
   Lair: D:8-11

Altars:
Ashenzari
Cheibriados
Dithmenos
Elyvilon
Fedhas
Gozag
Kikubaaqudgha
Makhleb
Pakellas
Qazlal
Sif Muna
Trog
Vehumet
Xom
Yredelemnul
Zin
The Shining One

Portals:
Ossuary: D:8

Annotations:
D:8 Psyche


Innate Abilities, Weirdness & Mutations

You have razor-sharp teeth.
You heal very quickly.
When hurt, damage is shared between your health and your magic reserves.
Your bite disrupts and absorbs the magic of your enemies.
Potions and wands cannot restore your health.
You are immune to rotting.


Message History

The centaur unwields an uncursed shortbow.
The centaur barely misses you. Something hits you but does no damage.
Unknown command.
You hit the centaur. Your bite misses the centaur.
The centaur is lightly wounded.
The centaur misses you. Something hits you.
You feel drained. The centaur barely misses you. Something hits you.
* * * LOW HITPOINT WARNING * * *
x2 Unknown command.
You closely miss the centaur. Your bite misses the centaur.
The centaur is lightly wounded.
Something hits you.
* * * LOW HITPOINT WARNING * * *
Something freezes you.
* * * LOW HITPOINT WARNING * * *
The centaur hits you but does no damage.
You hear a zap.
A bolt of fire appears from out of thin air!
The bolt of fire hits you!
You die...

.∩.# (.. #######
##### ### ........
#...#...# .......#
#.>.#.>.#
.......###(..#...#
.......##(#### #+
.......+((.#####.
.......##@........
#..(.c.......
#.##>........
#<.#.........
####.........
..#+#.#### ##. ..#
. .# .


You could see a centaur.

Vanquished Creatures
  Grinder (D:4)
  A water moccasin (D:7)
  The ghost of boomsplatx the Slasher, an amateur GrFi (D:4)
  Duvessa (D:4)
  An orc warrior (D:7)
  A sky beast (D:6)
  2 ice beasts (D:6)
  2 phantoms (D:7)
  A necrophage (D:6)
  3 ogres
  2 centaurs
  Dowan (D:4)
  4 giant frogs
  2 scorpions (D:6)
  A killer bee (D:7)
  2 crimson imps (D:7)
  A centaur zombie (D:5)
  2 hounds (D:4)
  7 orc wizards
  Crazy Yiuf (D:4)
  3 centaur skeletons
  An orc priest (D:6)
  An iguana (D:5)
  4 worker ants
  A hound skeleton (D:7)
  3 gnolls (D:3)
  5 adders
  A shadow imp (D:7)
  2 oozes
  2 adder skeletons
  5 giant geckos
  20 orcs
  2 ball pythons
  6 bats
  6 giant cockroaches
  7 goblins
  8 hobgoblins
  4 jackals
  3 quokkas
  A giant cockroach zombie (D:5)
  A giant gecko skeleton (D:4)
  6 giant newts
  10 kobolds
  3 quokka zombies (D:5)
  5 rats
147 creatures vanquished.

Vanquished Creatures (others)
  A giant newt (D:1)
  A fungus (D:4)
2 creatures vanquished.

Grand Total: 149 creatures vanquished

Notes
Turn   | Place    | Note
--------------------------------------------------------------
     0 | D:1      | sugabear the Vine Stalker Gladiator began the quest for the Orb.
     0 | D:1      | Reached XP level 1. HP: 11/11 MP: 2/2
    99 | D:1      | Reached XP level 2. HP: 15/15 MP: 3/3
   261 | D:1      | Reached skill level 3 in Maces & Flails
   862 | D:1      | Reached XP level 3. HP: 18/18 MP: 4/4
   922 | D:2      | Found a glowing silver altar of Zin.
  1115 | D:2      | Found a burning altar of Makhleb.
  1308 | D:2      | Found a faded altar to an unknown god.
  1581 | D:3      | Reached skill level 1 in Armour
  1651 | D:3      | Reached XP level 4. HP: 20/23 MP: 5/5
  2232 | D:3      | Found a bloodstained altar of Trog.
  2232 | D:3      | Found a glowing golden altar of the Shining One.
  2377 | D:4      | Noticed a centaur
  2380 | D:4      | Noticed boomsplatx's ghost (amateur GrFi)
  2386 | D:4      | Killed a centaur
  2386 | D:4      | Reached XP level 5. HP: 7/27 MP: 6/6
  2563 | D:4      | Found an ancient bone altar of Kikubaaqudgha.
  2609 | D:4      | Gained mutation: You heal very quickly. [Vine Stalker growth]
  2609 | D:4      | Reached XP level 6. HP: 28/32 MP: 7/7
  2621 | D:4      | Noticed Grinder
  2702 | D:4      | Paralysed by Grinder for 4 turns
  2708 | D:4      | HP: 1/32 [Grinder (1)]
  2711 | D:4      | Paralysed by Grinder for 5 turns
  2727 | D:4      | HP: 1/32 [Grinder (3)]
  2728 | D:4      | Killed Grinder
  2728 | D:4      | Reached skill level 4 in Maces & Flails
  2728 | D:4      | Reached XP level 7. HP: 1/36 MP: 1/8
  2874 | D:4      | Noticed Duvessa
  2875 | D:4      | Noticed Dowan
  2885 | D:4      | Killed Duvessa
  2889 | D:4      | Killed Dowan
  3210 | D:4      | Found a white marble altar of Elyvilon.
  3792 | D:4      | Noticed Crazy Yiuf
  3806 | D:4      | Killed Crazy Yiuf
  4020 | D:4      | Killed boomsplatx's ghost
  4020 | D:4      | Gained mutation: You have razor-sharp teeth. [Vine Stalker growth]
  4020 | D:4      | Reached XP level 8. HP: 28/42 MP: 6/9
  4107 | D:5      | Entered Level 5 of the Dungeon
  5031 | D:6      | Reached skill level 5 in Dodging
  5081 | D:6      | Reached skill level 5 in Maces & Flails
  5209 | D:6      | Reached skill level 5 in Armour
  5209 | D:6      | Reached XP level 9. HP: 32/45 MP: 6/10
  5683 | D:7      | Reached skill level 6 in Dodging
  5933 | D:7      | Found a staircase to the Ecumenical Temple.
  5947 | Temple   | Entered the Ecumenical Temple
  6013 | Temple   | Became a worshipper of Qazlal Stormbringer
  6135 | D:7      | Reached skill level 1 in Invocations
  6271 | D:8      | Noticed Psyche
  6274 | D:8      | Found a sand-covered staircase.
  6282 | D:8      | HP: 2/46 [something (1)]
  6283 | D:8      | Killed from afar by Psyche

Vault maps used:
D:1:      shiori_arrival_oz, minmay_ruptured
D:2:      zin_academy, ecumenical_altar_2, bloody_makhleb
D:3:      gammafunk_temple_overflow_elements
D:4:      kiku_gazebo_pond_becter, marbit_many_paths, serial_corexii_hall,
          corexii_hall_statues_x, corexii_hall_statues_x,
          kennysheep_generic_room_6, uniq_duvessa, uniq_crazy_yiuf_cottage,
          uniq_grinder
D:5:      first_bread
D:7:      minmay_temple_entry_butterflies, kb_rosetta
D:8:      kennysheep_ambush_hall, nemelex_deck,
          nicolae_ossuary_entry_false_entrances, nrook_loot_triangle,
          uniq_psyche, uniq_erolcha, uniq_erica
Temple:   circular_temple_12

Action                   |  1- 3 |  4- 6 |  7- 9 || total
-------------------------+-------+-------+-------++-------
Melee: Flail             |   122 |   100 |   339 ||   561
       Dire flail        |       |       |     2 ||     2
 Fire: Blowgun           |       |     5 |    29 ||    34
Throw: Throwing net      |       |     2 |     1 ||     3
Evoke: Wand              |       |       |     4 ||     4
 Stab: Held in net/web   |       |     1 |     1 ||     2
  Eat: Chunk             |     2 |     3 |    13 ||    18
